 Dungeon Crawl Stone Soup version 0.21-a0-529-g8c7b3f5 (webtiles) character file.

40966 KristoblXynda the Nimble (level 13, -1/68 HPs)
             Began as a Spriggan Gladiator on Dec 10, 2017.
             Was an Elder of Fedhas.
             Slain by a death yak (16 damage)
             ... on level 4 of the Lair of Beasts.
             The game lasted 00:54:41 (22770 turns).

KristoblXynda the Nimble (Spriggan Gladiator)      Turns: 22770, Time: 00:54:42

Health: -1/68      AC:  9    Str: 10    XL:     13   Next: 77%
Magic:  21/22      EV: 32    Int: 14    God:    Fedhas [****..]
Gold:   1212       SH: 12    Dex: 26    Spells: 15/20 levels left

rFire    . . .     SeeInvis +   G - +2 short sword (venom)
rCold    + + .     Gourm    .   J - +2 buckler
rNeg     + . .     Faith    .   M - +2 robe {rC+}
rPois    .         Spirit   .   c - +2 hat
rElec    +         Reflect  .   C - +2 cloak
rCorr    .         Harm     .   (gloves unavailable)
MR       ++...                  (boots unavailable)
Stlth    ++++++....             (no amulet)
HPRegen  0.21/turn              I - +5 ring of dexterity
MPRegen  0.18/turn              t - ring of Nesoeffe {rC+ rN+ Dex+3}

@: very quick
A: very small, unfitting armour, claws 1, see invisible, herbivore 3, speed 3,
electricity resistance, slow metabolism 2
a: Fungal Bloom, Evolution, Sunlight, Growth, Reproduction, Renounce Religion


You were on level 4 of the Lair of Beasts.
You worshipped Fedhas.
Fedhas was greatly pleased with you.
You were not hungry.

You visited 3 branches of the dungeon, and saw 20 of its levels.
You also visited: Ossuary.

You collected 1212 gold pieces.

Inventory:

Hand Weapons
 G - a +2 short sword of venom (weapon)
Missiles
 d - 8 throwing nets (quivered)
Armour
 c - a +2 hat (worn)
 C - a +2 cloak (worn)
 E - a +2 robe of magic resistance
 J - a +2 buckler (worn)
 M - a +2 robe of cold resistance (worn)
Jewellery
 t - the ring of Nesoeffe (right claw) {rC+ rN+ Dex+3}
   (You found it in an ossuary)

   [ring of dexterity]

   It affects your dexterity (+3).
   It protects you from cold.
   It protects you from negative energy.
 y - an uncursed ring of protection from fire
 I - a +5 ring of dexterity (left claw)
Wands
 m - a wand of digging (16)
 B - a wand of acid (9)
 L - a wand of disintegration (3)
Scrolls
 b - 2 scrolls of amnesia
 g - 4 scrolls of enchant armour
 k - 2 scrolls of magic mapping
 n - 11 scrolls of remove curse
 v - 7 scrolls of teleportation
 D - 4 scrolls of identify
 K - a scroll of vulnerability
 O - 3 scrolls of blinking
Potions
 a - 6 potions of curing
 e - 4 potions of brilliance
 h - a potion of might
 j - 3 potions of flight
 o - 4 potions of cancellation
 p - 4 potions of agility
 q - 5 potions of lignification
 s - 2 potions of resistance
 u - a potion of mutation
 w - 2 potions of berserk rage
 z - 3 potions of magic
 A - 2 potions of haste
 F - 2 potions of ambrosia
Miscellaneous
 i - a phial of floods (inert)
Comestibles
 f - 10 bread rations
 r - a fruit
 x - 2 royal jellies


   Skills:
 + Level 7.8 Fighting
 - Level 10.5 Short Blades
 + Level 2.6 Throwing
 + Level 11.9 Dodging
 - Level 11.5 Stealth
 - Level 8.0 Shields
 + Level 4.2 Spellcasting
 - Level 10.6 Invocations
 - Level 11.0 Evocations


You had 15 spell levels left.
You knew the following spells:

 Your Spells              Type           Power        Failure   Level  Hunger
a - Bolt of Draining      Conj/Necr      #.........   99%         5    ######.


Dungeon Overview and Level Annotations

Branches:
Dungeon (15/15)            Temple (1/1) D:5            Lair (4/6) D:8
  Swamp (0/4) Lair:3       Spider (0/4) Lair:2          Orc (0/2) D:12
 Vaults (0/5) D:14
 Depths: D:15

Altars:
Ashenzari
Cheibriados
Dithmenos
Elyvilon
Fedhas
Gozag
Hepliaklqana
Kikubaaqudgha
Makhleb
Nemelex Xobeh
Okawaru
Qazlal
Ru
Sif Muna
Trog
Uskayaw
Vehumet
Wu Jian
Xom
Yredelemnul
Zin
The Shining One

Annotations:
D:3 Amnesiac's ghost, amateur DEWz


Innate Abilities, Weirdness & Mutations

You are very small and have problems with some larger weapons.
You are too small for most types of armour.
You have supernaturally acute eyesight. (SInv)
You are a herbivore.
You cover ground extremely quickly.
You need consume almost no food.
You have sharp fingernails.
You are resistant to electric shocks. (rElec)


Message History

Your oklob plant spits acid at the death yak.
The splash of acid hits the death yak.
The death yak is splashed with acid.
The acid corrodes the death yak!
Your oklob plant spits acid at the death yak.
The splash of acid hits the death yak.
The death yak is splashed with acid.
The acid corrodes the death yak!
Your oklob plant spits acid at the death yak.
The splash of acid hits the death yak.
The death yak is splashed with acid.
The acid corrodes the death yak!
The death yak gores you!
* * * LOW HITPOINT WARNING * * *
The death yak gores you.
* * * LOW HITPOINT WARNING * * *
You see here a porcupine corpse.
Your oklob plant spits acid at the death yak.
The splash of acid hits the death yak.
The death yak is splashed with acid.
The death yak gores your oklob plant. The death yak gores your oklob plant!
The death yak gores you!
You die...
Fedhas appreciates your contribution to the ecosystem.

###.#..#.....P#.##.+.##..
#......#.......+....###.P
.#......#.<..PP.P........#
P.............P#........<#
.P............#####.###..#
...............###### ##.#
#.......#.....##..#####..#
####.#..#................#
#.#.P..@.Y..............
.........YP..............
..........YYY...........?.
..........................
..............########....
#...P.##..#...#######.....
####.P ###.....##.##.#....
#P+. #....###...##...# +.
##....##..##....P


You could see 5 death yaks and a friendly oklob plant.

Vanquished Creatures
  Fannar (Lair:3)
  6 hydras
  Harold (Lair:3)
  2 wandering mushrooms
  7 two-headed ogres
  Erica (D:9)
  A death yak (Lair:4)
  Nergalle (D:12)
  Sonja (D:14)
  A deep elf mage (D:14)
  2 manticores (D:14)
  4 ugly things
  3 cyclopes
  4 black mambas
  2 centaur zombies
  2 centaur skeletons
  4 spiny frogs
  A rime drake (Lair:1)
  7 kobold demonologists (D:14)
  3 trolls
  3 hornets
  3 slime creatures (D:12)
  3 hippogriffs
  A redback (Lair:2)
  Sigmund (D:2)
  A wraith (D:14)
  A vampire (D:12)
  2 humans (D:12)
  A water elemental (D:12)
  2 wyverns
  11 yaks
  3 hogs (D:12)
  Eustachio (D:4)
  2 basilisks (Lair:4)
  A warg (D:12)
  Menkaure (D:6)
  2 acid dragons
  A soldier ant (D:13)
  7 water moccasins
  Duvessa (D:6)
  7 orc warriors
  3 porcupines
  4 ogres
  An eye of draining (shapeshifter) (D:12)
  5 ice beasts
  2 sky beasts
  A phantom (D:7)
  14 centaurs
  5 crocodiles
  6 big kobolds
  11 bullfrogs
  A water moccasin zombie (D:7)
  A wyvern skeleton (D:10)
  2 scorpions (D:14)
  Dowan (D:6)
  9 wights
  An electric eel (Lair:2)
  4 crimson imps
  2 howler monkeys
  3 bullfrog zombies
  A quasit (D:14)
  2 jellies
  3 orc priests
  4 hounds
  6 iguanas
  6 orc wizards
  3 worker ants
  3 mummies (Ossuary)
  5 gnolls
  6 adders
  A howler monkey skeleton (D:4)
  3 shadow imps
  3 oozes
  An adder zombie (D:7)
  An adder skeleton (D:2)
  3 worms
  A dart slug (shapeshifter) (D:12)
  4 dart slugs
  8 leopard geckos
  28 orcs
  A ball python (D:1)
  15 bats
  A bat skeleton (D:2)
  2 bat zombies (D:2)
  5 giant cockroaches
  6 goblins
  4 hobgoblins
  12 jackals
  37 kobolds
  2 quokkas
  A ball python skeleton (D:2)
  8 frilled lizards
  2 goblin skeletons (Ossuary)
  4 hobgoblin zombies (Ossuary)
  A kobold skeleton (Ossuary)
  A kobold zombie (Ossuary)
  A leopard gecko skeleton (D:4)
  A leopard gecko zombie (D:2)
  A quokka skeleton (D:4)
  9 rats
  A toadstool (D:13)
392 creatures vanquished.

Vanquished Creatures (collateral kills)
  Gastronok (Lair:3)
  An ogre mage (D:14)
  The ghost of rabbitfr the Protected, a journeyman VSBe of Trog (Lair:2)
  4 two-headed ogres
  Urug (Lair:3)
  A wolf spider zombie (D:14)
  A gargoyle (D:14)
  An efreet (D:12)
  A hippogriff (D:13)
  2 slime creatures (D:12)
  A wraith (D:14)
  4 yaks (D:10)
  3 hungry ghosts
  A porcupine (Lair:4)
  An orc warrior (D:7)
  A big kobold (D:8)
  A water moccasin skeleton (D:8)
  5 wights
  A jelly (D:9)
  A hound (D:13)
  A bullfrog zombie (D:12)
  2 orc priests
  A centaur skeleton (D:10)
  A worker ant (D:7)
  A hound skeleton (D:7)
  6 orcs
  A ball python (D:7)
  2 bats (D:7)
  A kobold (D:14)
49 creatures vanquished.

Vanquished Creatures (others)
  A porcupine (Lair:1)
  12 wandering mushrooms
  3 fungi
  315 toadstools
331 creatures vanquished.

Grand Total: 772 creatures vanquished

Notes
Turn   | Place    | Note
-------+----------+-------------------------------------------
     0 | D:1      | KristoblXynda the Spriggan Gladiator began the quest for the Orb.
     0 | D:1      | Reached XP level 1. HP: 10/10 MP: 2/2
    61 | D:1      | Reached skill level 1 in Stealth
   268 | D:1      | Reached XP level 2. HP: 11/14 MP: 3/3
   717 | D:1      | Reached skill level 5 in Dodging
   717 | D:1      | Reached XP level 3. HP: 18/18 MP: 4/4
  1149 | D:2      | Found a sacrificial altar of Ru.
  1323 | D:2      | Found an ancient bone altar of Kikubaaqudgha.
  1828 | D:2      | Noticed Sigmund
  1854 | D:2      | Reached XP level 4. HP: 22/22 MP: 5/5
  1910 | D:2      | Killed Sigmund
  1910 | D:2      | Reached skill level 5 in Short Blades
  1910 | D:2      | Reached XP level 5. HP: 22/25 MP: 6/6
  2175 | D:2      | Reached skill level 5 in Stealth
  2735 | D:3      | Noticed Amnesiac's ghost (amateur DEWz)
  2749 | D:3      | Gained mutation: Your flesh is heat resistant. (rF+) [potion of mutation]
  2749 | D:3      | Gained mutation: Your magical capacity is low. (-10% MP) [potion of mutation]
  2749 | D:3      | Gained mutation: You are frail. (-10% HP) [potion of mutation]
  2749 | D:3      | Lost mutation: You are frail. (-10% HP) [potion of mutation]
  2750 | D:3      | Lost mutation: Your magical capacity is low. (-10% MP) [potion of mutation]
  2750 | D:3      | Lost mutation: Your flesh is heat resistant. (rF+) [potion of mutation]
  2750 | D:3      | Gained mutation: You are resistant to electric shocks. (rElec) [potion of mutation]
  2750 | D:3      | Gained mutation: You have sharp fingernails. [potion of mutation]
  2902 | D:3      | Found a burning altar of Makhleb.
  3034 | D:3      | Reached XP level 6. HP: 30/30 MP: 7/7
  3044 | D:3      | Found a blossoming altar of Fedhas.
  3086 | D:3      | Became a worshipper of Fedhas Madash
  3281 | D:4      | Found a sand-covered staircase.
  3286 | Ossuary  | Entered an ossuary
  3286 | Ossuary  | Noticed a wraith
  3286 | Ossuary  | Noticed a wraith
  3286 | Ossuary  | Noticed a wraith
  3639 | Ossuary  | Noticed a wraith
  3884 | Ossuary  | Got a heavily runed pewter ring
  3885 | Ossuary  | Identified the ring of Nesoeffe {rC+ rN+ Dex+3} (You found it in an ossuary)
  4142 | D:4      | Noticed Eustachio
  4198 | D:4      | Killed Eustachio
  4198 | D:4      | Reached XP level 7. HP: 33/33 MP: 8/8
  4656 | D:4      | Reached * piety under Fedhas
  4728 | D:5      | Entered Level 5 of the Dungeon
  4765 | D:5      | Found a staircase to the Ecumenical Temple.
  4918 | Temple   | Entered the Ecumenical Temple
  5555 | D:5      | Found a stormy altar of Qazlal.
  5556 | D:5      | Noticed a fire elemental
  5556 | D:5      | Noticed a water elemental
  5556 | D:5      | Noticed an air elemental
  5607 | D:5      | Found a deep blue altar of Sif Muna.
  5919 | D:6      | Found a white marble altar of Elyvilon.
  5987 | D:6      | Noticed Duvessa
  5987 | D:6      | Noticed Dowan
  5990 | D:6      | Killed Dowan
  6017 | D:6      | Noticed Menkaure
  6280 | D:6      | Killed Menkaure
  6280 | D:6      | Reached skill level 1 in Invocations
  6280 | D:6      | Reached skill level 1 in Evocations
  6280 | D:6      | Reached XP level 8. HP: 23/37 MP: 8/10
  6613 | D:6      | Found a snail-covered altar of Cheibriados.
  6885 | D:6      | Killed Duvessa
  7467 | D:7      | Noticed a troll
  7486 | D:7      | Killed a troll
  8435 | D:7      | Reached XP level 9. HP: 36/41 MP: 13/13
  8455 | D:7      | Reached skill level 5 in Evocations
  8743 | D:7      | Reached ** piety under Fedhas
  9070 | D:8      | Found a hazy altar of Hepliaklqana.
  9268 | D:8      | Reached skill level 10 in Stealth
  9483 | D:8      | Found a shattered altar of Ashenzari.
  9730 | D:8      | Found a staircase to the Lair.
 10249 | D:9      | Noticed a two-headed ogre
 10279 | D:9      | Killed a two-headed ogre
 10741 | D:9      | Noticed Erica
 10851 | D:9      | Reached skill level 5 in Invocations
 11255 | D:9      | Killed Erica
 11255 | D:9      | Reached XP level 10. HP: 46/46 MP: 16/16
 11292 | D:9      | Found a hide-covered altar of Uskayaw.
 11794 | D:9      | Reached skill level 1 in Shields
 12125 | D:9      | Found an opulent altar of Gozag.
 12156 | D:9      | Found a sparkling altar of Nemelex Xobeh.
 12226 | D:10     | Entered Level 10 of the Dungeon
 13446 | D:10     | Reached skill level 10 in Short Blades
 13761 | D:11     | Noticed a cyclops
 13768 | D:10     | Paralysed by a hornet for 2 turns
 13919 | D:11     | Killed a cyclops
 14219 | D:11     | Reached XP level 11. HP: 19/49 MP: 19/19
 14514 | D:11     | Reached *** piety under Fedhas
 14606 | D:11     | Noticed a red ugly thing
 14614 | D:11     | Killed a red ugly thing
 14899 | D:12     | Noticed a two-headed ogre
 14904 | D:12     | Killed a two-headed ogre
 14904 | D:12     | Reached skill level 10 in Evocations
 14954 | D:12     | Noticed Nergalle
 14977 | D:12     | Noticed a two-headed ogre
 15023 | D:12     | Killed Nergalle
 15088 | D:12     | Killed a two-headed ogre
 15277 | D:12     | Noticed a two-headed ogre
 15287 | D:12     | Killed a two-headed ogre
 15306 | D:12     | Found a staircase to the Orcish Mines.
 15881 | D:12     | Reached skill level 5 in Shields
 16796 | D:13     | Noticed an eight-headed hydra
 16864 | D:13     | Killed an eight-headed hydra
 16864 | D:13     | Reached XP level 12. HP: 17/56 MP: 21/21
 17249 | D:13     | Noticed a two-headed ogre
 17253 | D:13     | Killed a two-headed ogre
 17597 | D:14     | Found a gate to the Vaults.
 17597 | D:14     | Noticed a vault guard
 17604 | D:14     | Noticed a six-headed hydra
 17608 | D:14     | Noticed Sonja
 17610 | D:14     | Killed Sonja
 17996 | D:14     | Noticed a two-headed ogre
 18132 | D:14     | Reached skill level 10 in Invocations
 18424 | D:14     | Noticed a two-headed ogre
 18428 | D:14     | Noticed an ogre mage
 18429 | D:14     | Noticed a two-headed ogre
 18432 | D:14     | Noticed a two-headed ogre
 18433 | D:14     | Noticed a two-headed ogre
 18435 | D:14     | Killed a two-headed ogre
 18439 | D:14     | Killed an ogre mage
 18439 | D:14     | Reached skill level 5 in Fighting
 18447 | D:14     | Killed a two-headed ogre
 18448 | D:14     | Killed a two-headed ogre
 18454 | D:14     | Killed a two-headed ogre
 18757 | D:14     | Killed a two-headed ogre
 18808 | D:14     | Reached **** piety under Fedhas
 19098 | D:14     | Reached XP level 13. HP: 49/65 MP: 22/22
 19728 | D:15     | Entered Level 15 of the Dungeon
 19875 | Lair:1   | Entered Level 1 of the Lair of Beasts
 19886 | Lair:1   | Learned a level 5 spell: Bolt of Draining
 20036 | Lair:1   | Reached skill level 10 in Dodging
 20752 | Lair:2   | Found a hole to the Spider Nest.
 20889 | Lair:2   | Noticed rabbitfr's ghost (journeyman VSBe)
 20945 | Lair:2   | Killed rabbitfr's ghost
 21260 | Lair:2   | Reached skill level 1 in Spellcasting
 21624 | Lair:3   | Found a staircase to the Swamp.
 21670 | Lair:3   | Noticed Fannar
 21675 | Lair:3   | Killed Fannar
 21699 | Lair:3   | Noticed Urug
 21707 | Lair:3   | Noticed Gastronok
 21715 | Lair:3   | Killed Urug
 21752 | Lair:3   | Killed Gastronok
 21782 | Lair:3   | Noticed Harold
 21800 | Lair:3   | HP: 3/67 [Harold/bolt of fire (36)]
 21815 | Lair:3   | Killed Harold
 22770 | Lair:4   | Slain by a death yak

Vault maps used:
D:1:      minmay_arrival_open_corners, minmay_misc_feat_secret_circle
D:2:      kiku_gazebo_pond_becter, lemuel_coloured_pillars_altar, serial_undead,
          serial_undead_b, serial_undead_a, serial_undead_a, serial_undead_b,
          uniq_sigmund
D:3:      cheibrodos_pilgrimage, bloody_makhleb, fedhas_altar_2
D:4:      nicolae_ossuary_entry_false_entrances, uniq_eustachio
D:5:      nicolae_qazlal_style_of_elements, lemuel_blue_sif_altar,
          minmay_temple_entry_mist, first_bread, serial_bayou_pond_a
D:6:      kennysheep_mini_moat, elyvilon_altar_4, sigmund_army, uniq_duvessa,
          uniq_menkaure
D:7:      roderic_batcave
D:8:      evilmike_ruin_ashenzari, lemuel_crystal_altar, lair_entry_dummy
D:9:      minmay_goldmine, nicolae_overflow_hidden_temple, uniq_erica
D:12:     erik_orc_4, grunt_livestock, kennysheep_island_fort, uniq_nergalle
D:14:     david_vaults_5, eino_curves_04, uniq_sonja
D:15:     hangedman_depths_entry_civil_slaughter, serial_shops, shop_fountains,
          nicolae_ru_path_of_blood, uniq_josephine
Temple:   jpeg_temple_island
Lair:1:   minmay_lair_oklob_chamber
Lair:2:   spider_nest_entry_webs, minivault_11, fungi_pond_lemuel,
          lemuel_another_geyser, infiniplex_staircase_pool
Lair:3:   minmay_swamp_entry_reptiles, uniq_fannar, uniq_harold, uniq_gastronok,
          uniq_urug
Ossuary:  ossuary_kennysheep_city_of_the_dead

Skill      XL: |  1  2  3  4  5  6  7  8  9 10 11 12 13 |
---------------+----------------------------------------+-----
Stealth        | 1 2 3 4 5 6 8 9 11 | 11.5
Dodging        | 5 6 7 8 9 11 | 11.9
Short Blades   | 4 5 6 7 9 10 | 10.5
Invocations    | 1 3 5 7 9 10 | 10.6
Evocations     | 1 4 7 9 11 | 11.0
Shields        | 3 5 7 8 |  8.0
Fighting       | 3 6 7 |  7.8
Spellcasting   | 4 |  4.2
Throwing       | |  2.6

Action                   |  1- 3 |  4- 6 |  7- 9 | 10-12 | 13-15 || total
-------------------------+-------+-------+-------+-------+-------++-------
Melee: Rapier            |    43 |       |       |       |       ||    43
       Dagger            |   127 |   154 |   195 |       |       ||   476
       Short sword       |       |       |   266 |   929 |   335 ||  1530
Throw: Throwing net      |       |       |       |       |     2 ||     2
Invok: Fungal Bloom      |       |     1 |    34 |    47 |    25 ||   107
       Evolution         |       |       |     3 |    16 |     5 ||    24
       Sunlight          |       |       |       |     1 |       ||     1
       Growth            |       |       |       |       |     1 ||     1
Evoke: Wand              |       |       |     3 |    34 |    10 ||    47
       Phial of floods   |       |       |       |     1 |     1 ||     2
  Use: Scroll            |     2 |     9 |    14 |     7 |     2 ||    34
       Potion            |       |     2 |     4 |     1 |     3 ||    10
 Stab: Sleeping          |     5 |    15 |    18 |    19 |    23 ||    80
       Distracted        |     1 |       |     2 |     3 |     2 ||     8
       Confused          |       |       |     1 |    11 |       ||    12
       Paralysed         |       |       |       |     2 |       ||     2
       Held in net/web   |       |       |       |       |     1 ||     1
  Eat: Bread ration      |       |     1 |       |     1 |       ||     2
       Fruit             |       |       |     2 |     1 |       ||     3
       Royal jelly       |       |       |       |     2 |     2 ||     4
Armor: Robe              |    26 |    16 |    35 |    49 |     8 ||   134
       Skin              |       |       |    28 |       |       ||    28
Dodge: Dodged            |   166 |   113 |   323 |   453 |   149 ||  1204
Block: Buckler           |       |       |    28 |   270 |   113 ||   411

Table legend:
 A = Spawn XP
 B = Non-spawn XP
 C = Spawn XP percentage of total XP
 D = Spawn monster count
 E = Non-spawn monster count
 F = Spawn count percentage of total count
 G = Total turns spent on level
                    A         B        C        D         E        F      G
               +---------+---------+-------+---------+---------+-------+---------
         Total |       0 |   58524 |   0.0 |       0 |     438 |   0.0 | 22770
               +---------+---------+-------+---------+---------+-------+---------
           D:1 |       0 |      56 |   0.0 |       0 |      28 |   0.0 |  1149
           D:2 |       0 |     284 |   0.0 |       0 |      30 |   0.0 |  1247
           D:3 |       0 |      44 |   0.0 |       0 |      17 |   0.0 |   848
           D:4 |       0 |     507 |   0.0 |       0 |      21 |   0.0 |   671
           D:5 |       0 |     225 |   0.0 |       0 |      14 |   0.0 |   667
           D:6 |       0 |     620 |   0.0 |       0 |       9 |   0.0 |  1549
           D:7 |       0 |    1288 |   0.0 |       0 |      35 |   0.0 |  1895
           D:8 |       0 |     420 |   0.0 |       0 |      14 |   0.0 |  1109
           D:9 |       0 |    2862 |   0.0 |       0 |      34 |   0.0 |  2111
          D:10 |       0 |    3703 |   0.0 |       0 |      39 |   0.0 |  1678
          D:11 |       0 |    2588 |   0.0 |       0 |      15 |   0.0 |   975
          D:12 |       0 |    8287 |   0.0 |       0 |      54 |   0.0 |  1812
          D:13 |       0 |    3175 |   0.0 |       0 |      15 |   0.0 |   942
          D:14 |       0 |   17696 |   0.0 |       0 |      51 |   0.0 |  2164
        Lair:1 |       0 |    4561 |   0.0 |       0 |      14 |   0.0 |   831
        Lair:2 |       0 |    3603 |   0.0 |       0 |      13 |   0.0 |   893
        Lair:3 |       0 |    5850 |   0.0 |       0 |      15 |   0.0 |   735
        Lair:4 |       0 |    2695 |   0.0 |       0 |       9 |   0.0 |   436
       Ossuary |       0 |      60 |   0.0 |       0 |      11 |   0.0 |   813
               +---------+---------+-------+---------+---------+-------+---------
